 Dungeon Crawl Stone Soup version 0.21.1-1-g345015f (webtiles) character file.

320 Fang the Skirmisher (level 6, -2/39 HPs)
             Began as a Gargoyle Berserker on May 9, 2018.
             Was a Believer of Trog.
             Slain by Elysium's ghost (6 damage)
             ... on level 4 of the Dungeon.
             The game lasted 00:03:18 (3547 turns).

Fang the Skirmisher (Gargoyle Berserker)            Turns: 3547, Time: 00:03:19

Health: -2/39      AC:  9    Str: 22    XL:     6   Next: 46%
Magic:  6/6        EV: 12    Int:  8    God:    Trog [**....]
Gold:   179        SH:  0    Dex:  9    Spells: 5/5 levels left

rFire    . . .     SeeInvis .   a - +0 hand axe
rCold    . . .     Gourm    .   (no shield)
rNeg     + . .     Faith    .   b - +1 animal skin
rPois    ∞         Spirit   .   (no helmet)
rElec    +         Reflect  .   r - +1 cloak
rCorr    .         Harm     .   (no gloves)
MR       .....                  (no boots)
Stlth    ++........             (no amulet)
HPRegen  0.13/turn              (no ring)
MPRegen  0.10/turn              (no ring)

@: berserk cooldown, slowed, very slow
A: negative energy resistance 1, electricity resistance, unbreathing,
petrification resistance, rot immunity, AC +4
a: Berserk, Trog's Hand, Burn Spellbooks, Renounce Religion


You were on level 4 of the Dungeon.
You worshipped Trog.
Trog was pleased with you.
You were not hungry.

You visited 1 branch of the dungeon, and saw 4 of its levels.

You collected 179 gold pieces.

Inventory:

Hand Weapons
 a - a +0 hand axe (weapon)
Armour
 b - a +1 animal skin (worn)
 r - a +1 cloak (worn)
Wands
 k - a wand of acid (5)
 n - a wand of random effects (11)
Scrolls
 g - 2 scrolls of magic mapping
 h - 5 scrolls of teleportation
 l - 2 scrolls of identify
 m - a scroll of remove curse {unknown}
 o - a scroll of immolation {unknown}
 q - a scroll of fear {unknown}
 s - a scroll of fog {unknown}
 t - a scroll of blinking {unknown}
Potions
 d - 4 potions of curing
 e - 2 potions of might {unknown}
 f - a potion of degeneration {unknown}
 i - a potion of lignification
 j - a potion of brilliance {unknown}
 p - a potion of berserk rage {unknown}
Comestibles
 c - 6 rations


   Skills:
 + Level 4.7 Fighting
 + Level 4.6 Axes
 + Level 2.3 Armour
 + Level 3.0 Dodging
 + Level 1.6 Stealth


You had 5 spell levels left.
You didn't know any spells.

Dungeon Overview and Level Annotations

Branches:
Dungeon (4/15)
 Temple: D:4-7

Altars:

Annotations:
D:4 Elysium's ghost, amateur MfTm


Innate Abilities, Weirdness & Mutations

You are resistant to torment.
Your stone body is resilient. (AC +4)
You are immune to poison.
You resist negative energy. (rN+)
You are resistant to electric shocks. (rElec)
You can survive without breathing.
You are immune to petrification.
You are immune to rotting.


Message History

You are too injured to fight recklessly!
You are too injured to fight recklessly!
You are too injured to fight recklessly!
You are too injured to fight recklessly!
You are too injured to fight recklessly!
You are too injured to fight recklessly!
You are too injured to fight recklessly!
You hit Elysium's ghost but do no damage.
Elysium's ghost is heavily damaged.
Elysium's ghost closely misses you.
You barely miss Elysium's ghost.
Elysium's ghost is heavily damaged.
Elysium's ghost hits you. Elysium's ghost hits you!
* * * LOW HITPOINT WARNING * * *
You closely miss Elysium's ghost.
Elysium's ghost is heavily damaged.
Elysium's ghost hits you.
* * * LOW HITPOINT WARNING * * *
Elysium's ghost hits you.
You die...

.#..#..##..##..(......##
...###.##..##.##.......#
##..#..##..##.##.####..#
.#.....##..##..........#
..#.# ##..##.##.####..#
..#÷##.# # #.# #..#
..#..#.##..##.##.####..#####
<..........##................
#.##.#..... ####@####..######
#.##.###### #W# #..# ..##<#
#.# #..# #.##.# #.# #.[#
.)##.# #.# #..# .......< ..#
#... ####.### ### ### # #.# #
#.#


You could see Elysium's ghost.

Vanquished Creatures
  An ogre (D:4)
  An orc wizard (D:3)
  3 worker ants
  6 adders
  An ooze (D:2)
  3 dart slugs
  A leopard gecko (D:1)
  7 orcs (D:3)
  4 bats
  5 giant cockroaches
  5 goblins
  8 hobgoblins
  5 jackals
  2 kobolds (D:2)
  2 quokkas
  3 frilled lizards
  A leopard gecko skeleton (D:4)
  10 rats
68 creatures vanquished.

Notes
Turn   | Place    | Note
-------+----------+-------------------------------------------
     0 | D:1      | Fang the Gargoyle Berserker began the quest for the Orb.
     0 | D:1      | Reached XP level 1. HP: 14/14 MP: 1/1
   152 | D:1      | Reached XP level 2. HP: 16/19 MP: 2/2
   570 | D:1      | Reached XP level 3. HP: 24/24 MP: 3/3
   611 | D:1      | Reached ** piety under Trog
  1173 | D:2      | Reached skill level 1 in Stealth
  1493 | D:2      | Reached XP level 4. HP: 17/29 MP: 4/4
  2233 | D:3      | Reached XP level 5. HP: 33/33 MP: 5/5
  2993 | D:4      | Reached XP level 6. HP: 27/39 MP: 6/6
  3510 | D:4      | Noticed Elysium's ghost (amateur MfTm)
  3547 | D:4      | Slain by Elysium's ghost

Skill      XL: |  1  2  3  4  5  6 |
---------------+-------------------+-----
Axes           | 3 4 |  4.6
Dodging        | 2 3 |  3.0
Stealth        | 1 |  1.6
Fighting       | 4 |  4.7
Armour         | |  2.3

Action                   |  1- 3 |  4- 6 || total
-------------------------+-------+-------++-------
Melee: Hand axe          |   121 |   187 ||   308
Invok: Berserk           |     3 |     5 ||     8
  Use: Scroll            |       |     6 ||     6
 Stab: Sleeping          |     1 |       ||     1
  Eat: Chunk             |     5 |     8 ||    13
       Ration            |       |     1 ||     1
Armor: Animal skin       |    57 |    66 ||   123
Dodge: Dodged            |   123 |   116 ||   239
